3AA
ASHEVILLE HIGHLANDERS @ ATHLETIC CLUB KC ACADEMY
08/31/2038
 
TOP OF THE 1ST
Asheville Highlanders batting - Pitching for Athletic Club KC Academy : RHP Billy Fitzgerald Jr.
Pitching: RHP Billy Fitzgerald Jr.
Batting: RHB Carsello Scruggins 0-0: Called Strike
0-1: Ball
1-1: Ball
2-1: Called Strike
2-2: Ball
3-2: Fly out, F4 (Popup, 4S, EV 81.2 MPH)
Batting: RHB Tae-wan Park 0-0: Ball
1-0: Called Strike
1-1: Ball
2-1: Ball
3-1: Base on Balls
Batting: RHB Lawrence O'Neal 0-0: Grounds into double play, 4-6-3 (Groundball, 34, EV 91.9 MPH)
Top of the 1st over - 0 runs, 0 hits, 0 errors, 0 left on base; Asheville 0 - Athletic Club KC Academy 0
BOTTOM OF THE 1ST
Athletic Club KC Academy batting - Pitching for Asheville Highlanders : RHP Patrick Nicolas
Pitching: RHP Patrick Nicolas
Batting: RHB Gabriel Martínez 0-0: Ball
1-0: Ball
2-0: Ball
3-0: Base on Balls
Batting: LHB León Guillén 0-0: Ball
1-0: Fielders Choice at 2nd, 4-6 (Groundball, 4, EV 86.9 MPH)
Batting: RHB Donald Guegan 0-0: Called Strike
0-1: Foul Ball, location: 2F
0-2: Ball
1-2: Foul Ball, location: 2F
1-2: Ball
2-2: Foul Ball, location: 2F
2-2: Grounds into double play, 5-4-3 (Groundball, 56, EV 89.4 MPH)
Bottom of the 1st over - 0 runs, 0 hits, 0 errors, 0 left on base; Asheville 0 - Athletic Club KC Academy 0
TOP OF THE 2ND
Asheville Highlanders batting - Pitching for Athletic Club KC Academy : RHP Billy Fitzgerald Jr.
Batting: SHB Daniel Brewer 0-0: Foul Ball, location: 2F
0-1: Ball
1-1: Swinging Strike
1-2: Ground out 5-3 (Groundball, 56S, EV 71.2 MPH)
Batting: RHB Luis Romero 0-0: Ball
1-0: Ball
2-0: Called Strike
2-1: Ball
3-1: Base on Balls
Batting: RHB Don Skerrett 0-0: Called Strike
Luis Romero steals 2nd base
0-1: Foul Ball, location: 2F
0-2: Ground out 1-3 (Groundball, 15S, EV 71.9 MPH)
Batting: LHB Bruce Webster 0-0: Called Strike
0-1: Called Strike
0-2: Reached on error, E5 (Groundball, 5, EV 76.9 MPH)
Luis Romero to third
Batting: RHB Francis Raffone 0-0: Hit by Pitch
Bruce Webster to second
Batting: RHB José García 0-0: Ball
1-0: Called Strike
1-1: Foul Ball, location: 2F
1-2: Strikes out swinging
Top of the 2nd over - 0 runs, 0 hits, 1 error, 3 left on base; Asheville 0 - Athletic Club KC Academy 0
BOTTOM OF THE 2ND
Athletic Club KC Academy batting - Pitching for Asheville Highlanders : RHP Patrick Nicolas
Batting: LHB Oriol Fernández 0-0: Called Strike
0-1: Ball
1-1: Foul Ball, location: 2F
1-2: Foul Ball, location: 2F
1-2: Ball
2-2: Strikes out swinging
Batting: RHB Sancho Prieto 0-0: Swinging Strike
0-1: Ball
1-1: Ball
2-1: Ground out 5-3 (Groundball, 56, EV 89.4 MPH)
Batting: RHB Woody Thomas 0-0: Ball
1-0: Ball
2-0: Called Strike
2-1: Foul Ball, location: 2F
2-2: Foul Ball, location: 2F
2-2: Foul Ball, location: 2F
2-2: Ground out 4-3 (Groundball, 4, EV 87.5 MPH)
Bottom of the 2nd over - 0 runs, 0 hits, 0 errors, 0 left on base; Asheville 0 - Athletic Club KC Academy 0
TOP OF THE 3RD
Asheville Highlanders batting - Pitching for Athletic Club KC Academy : RHP Billy Fitzgerald Jr.
Batting: RHB Carsello Scruggins 0-0: SINGLE (Groundball, 6MD, EV 98.8 MPH)
Batting: RHB Tae-wan Park 0-0: Called Strike
Carsello Scruggins steals 2nd base
0-1: Foul Ball, location: 2F
0-2: Ball
1-2: SINGLE (Line Drive, 9S, EV 93.1 MPH)
Carsello Scruggins to third
Runner from 3rd tries for Home, SAFE, no throw by RF
Batting: RHB Lawrence O'Neal 0-0: Ball
1-0: Called Strike
1-1: Fly out, F7 (Line Drive, 7, EV 107.5 MPH)
Batting: SHB Daniel Brewer 0-0: Called Strike
0-1: Ball
1-1: Ball
2-1: Foul Ball, location: 2F
2-2: Strikes out swinging
Batting: RHB Luis Romero 0-0: Foul Ball, location: 2F
0-1: Swinging Strike
0-2: Ground out 1-3 (Groundball, 34S, EV 83.1 MPH)
Top of the 3rd over - 1 run, 2 hits, 0 errors, 1 left on base; Asheville 1 - Athletic Club KC Academy 0
BOTTOM OF THE 3RD
Athletic Club KC Academy batting - Pitching for Asheville Highlanders : RHP Patrick Nicolas
Batting: RHB Rodrigo Sousa 0-0: Ground out 6-3 (Groundball, 6, EV 105.0 MPH)
Batting: LHB Ronnie Boehmer 0-0: Ball
1-0: Foul Ball, location: 2F
1-1: Ground out 4-3 (Groundball, 4, EV 98.1 MPH)
Batting: RHB Jorge Ávila 0-0: Ball
1-0: Ball
2-0: Called Strike
2-1: Foul Ball, location: 2F
2-2: Strikes out swinging
Bottom of the 3rd over - 0 runs, 0 hits, 0 errors, 0 left on base; Asheville 1 - Athletic Club KC Academy 0
TOP OF THE 4TH
Asheville Highlanders batting - Pitching for Athletic Club KC Academy : RHP Billy Fitzgerald Jr.
Batting: RHB Don Skerrett 0-0: Called Strike
0-1: Ball
1-1: Called Strike
1-2: Fly out, F8 (Flyball, 89S, EV 85.0 MPH)
Batting: LHB Bruce Webster 0-0: Ball
1-0: Ground out U3 (Groundball, 3, EV 98.8 MPH)
Batting: RHB Francis Raffone 0-0: Called Strike
0-1: Ball
1-1: Called Strike
1-2: Strikes out swinging
Top of the 4th over - 0 runs, 0 hits, 0 errors, 0 left on base; Asheville 1 - Athletic Club KC Academy 0
BOTTOM OF THE 4TH
Athletic Club KC Academy batting - Pitching for Asheville Highlanders : RHP Patrick Nicolas
Batting: RHB Gabriel Martínez 0-0: Called Strike
0-1: Foul Ball, location: 2F
0-2: SINGLE (Line Drive, 9S, EV 91.9 MPH)
Batting: LHB León Guillén 0-0: Ball
1-0: Called Strike
1-1: Ball
2-1: 2-RUN HOME RUN (Flyball, 9D, EV 103.1 MPH), Distance : 371 ft
Batting: RHB Donald Guegan 0-0: Swinging Strike
0-1: Ball
1-1: Ball
2-1: Fly out, F7 (Flyball, 7LS, EV 91.2 MPH)
Batting: LHB Oriol Fernández 0-0: Ball
1-0: Ball
2-0: Swinging Strike
2-1: SINGLE (Groundball, 4D, EV 98.1 MPH)
Batting: RHB Sancho Prieto 0-0: Called Strike
0-1: Foul Ball, location: 2F
0-2: Strikes out looking
Batting: RHB Woody Thomas 0-0: Ball
1-0: Ball
2-0: Swinging Strike
2-1: Fielders Choice at 2nd, 5-4 (Groundball, 56, EV 105.6 MPH)
Bottom of the 4th over - 2 runs, 3 hits, 0 errors, 1 left on base; Asheville 1 - Athletic Club KC Academy 2
TOP OF THE 5TH
Asheville Highlanders batting - Pitching for Athletic Club KC Academy : RHP Billy Fitzgerald Jr.
Batting: RHB José García 0-0: Ball
1-0: Foul Ball, location: 2F
1-1: Ball
2-1: Fly out, F8 (Flyball, 78XD, EV 93.1 MPH)
Batting: RHB Carsello Scruggins 0-0: Ball
1-0: Foul Ball, location: 2F
1-1: Foul Ball, location: 2F
1-2: Ball
2-2: SINGLE (Groundball, 56S, EV 67.5 MPH) (infield hit)
Batting: RHB Tae-wan Park Pickoff Throw to First - Error! E1
Carsello Scruggins to second
0-0: Swinging Strike
0-1: Foul Ball, location: 2F
0-2: Ball
1-2: Ground out 4-3 (Groundball, 4, EV 90.0 MPH)
Carsello Scruggins to third
Batting: RHB Lawrence O'Neal 0-0: Swinging Strike
0-1: Called Strike
0-2: Foul Ball, location: 2F
0-2: Ball
1-2: Foul Ball, location: 2F
1-2: Fly out, F7 (Flyball, 7, EV 89.4 MPH)
Top of the 5th over - 0 runs, 1 hit, 1 error, 1 left on base; Asheville 1 - Athletic Club KC Academy 2
BOTTOM OF THE 5TH
Athletic Club KC Academy batting - Pitching for Asheville Highlanders : RHP Patrick Nicolas
Batting: RHB Rodrigo Sousa 0-0: DOUBLE (Flyball, 89XD, EV 98.8 MPH)
Batting: LHB Ronnie Boehmer 0-0: Ball
1-0: 2-RUN HOME RUN (Flyball, 89XD, EV 107.5 MPH), Distance : 413 ft
Batting: RHB Jorge Ávila 0-0: SINGLE (Line Drive, 9S, EV 98.8 MPH)
Batting: RHB Gabriel Martínez 0-0: SINGLE (Groundball, 6MD, EV 104.4 MPH)
Jorge Ávila to second
Batting: LHB León Guillén 0-0: Ball
1-0: Ball
2-0: Bunted foul
2-1: Sac Bunt to 13 - play at first, batter OUT! 1-4
Jorge Ávila to third
Gabriel Martínez to second
Pitching: RHP Jake Haynes
Batting: RHB Donald Guegan 0-0: Ball
1-0: TRIPLE (Line Drive, 89XD, EV 105.0 MPH)
Jorge Ávila scores
Gabriel Martínez scores
Batting: LHB Oriol Fernández 0-0: Ball
1-0: Foul Ball, location: 2F
1-1: Called Strike
1-2: Ground out 3-1 (Groundball, 34, EV 101.2 MPH)
Donald Guegan scores
Batting: RHB Sancho Prieto 0-0: Swinging Strike
0-1: Ball
1-1: Swinging Strike
1-2: Foul Ball, location: 2F
1-2: Ball
2-2: Ball
3-2: Strikes out swinging
Bottom of the 5th over - 5 runs, 5 hits, 0 errors, 0 left on base; Asheville 1 - Athletic Club KC Academy 7
TOP OF THE 6TH
Asheville Highlanders batting - Pitching for Athletic Club KC Academy : RHP Billy Fitzgerald Jr.
Batting: SHB Daniel Brewer 0-0: Ball
1-0: Fly out, F8 (Flyball, 78XD, EV 100.0 MPH)
Batting: RHB Luis Romero 0-0: Foul Ball, location: 2F
0-1: Ball
1-1: Foul Ball, location: 2F
1-2: Fly out, F8 (Flyball, 8LS, EV 90.6 MPH)
Batting: RHB Don Skerrett 0-0: Foul Ball, location: 2F
0-1: Foul Ball, location: 2F
0-2: Ball
1-2: Ball
2-2: Ball
3-2: Ground out 6-3 (Groundball, 6S, EV 87.5 MPH)
Top of the 6th over - 0 runs, 0 hits, 0 errors, 0 left on base; Asheville 1 - Athletic Club KC Academy 7
BOTTOM OF THE 6TH
Athletic Club KC Academy batting - Pitching for Asheville Highlanders : RHP Jake Haynes
Batting: RHB Woody Thomas 0-0: Ball
1-0: Called Strike
1-1: Foul Ball, location: 2F
1-2: SOLO HOME RUN (Flyball, 7LD, EV 89.4 MPH), Distance : 332 ft
Batting: RHB Rodrigo Sousa 0-0: Ball
1-0: Ball
2-0: Fly out, F8 (Flyball, 8RD, EV 105.6 MPH)
Batting: LHB Ronnie Boehmer 0-0: Ground out U3 (Groundball, 3, EV 103.1 MPH)
Batting: RHB Jorge Ávila 0-0: Ball
1-0: Called Strike
1-1: Foul Ball, location: 2F
1-2: Ball
2-2: Foul Ball, location: 2F
2-2: Strikes out looking
Bottom of the 6th over - 1 run, 1 hit, 0 errors, 0 left on base; Asheville 1 - Athletic Club KC Academy 8
TOP OF THE 7TH
Asheville Highlanders batting - Pitching for Athletic Club KC Academy : RHP Billy Fitzgerald Jr.
Batting: LHB Bruce Webster 0-0: Reached on error, E6 (Groundball, 6, EV 85.0 MPH)
Batting: RHB Francis Raffone 0-0: Called Strike
0-1: Swinging Strike
0-2: Foul Ball, location: 2F
0-2: Fielders Choice at 2nd, 6-4 (Groundball, 6, EV 83.8 MPH)
Batting: RHB José García 0-0: Ball
1-0: Called Strike
1-1: Swinging Strike
1-2: Foul Ball, location: 2F
1-2: Foul Ball, location: 2F
1-2: Strikes out swinging
Batting: RHB Carsello Scruggins 0-0: Ball
1-0: Ball
2-0: Foul Ball, location: 2F
2-1: Fly out, F8 (Flyball, 8RXD, EV 95.0 MPH)
Top of the 7th over - 0 runs, 0 hits, 1 error, 1 left on base; Asheville 1 - Athletic Club KC Academy 8
BOTTOM OF THE 7TH
Athletic Club KC Academy batting - Pitching for Asheville Highlanders : RHP Jake Haynes
Batting: RHB Gabriel Martínez 0-0: Foul Ball, location: 2F
0-1: Ball
1-1: Foul Ball, location: 2F
1-2: Foul Ball, location: 2F
1-2: Fly out, F9 (Flyball, 9S, EV 90.6 MPH)
Batting: LHB León Guillén 0-0: Ball
1-0: Foul Ball, location: 2F
1-1: Ball
2-1: Foul Ball, location: 2F
2-2: Ball
3-2: Foul Ball, location: 2F
3-2: Ground out 6-3 (Groundball, 6M, EV 101.2 MPH)
Batting: RHB Donald Guegan 0-0: Ball
1-0: Swinging Strike
1-1: Ball
2-1: Fly out, F9 (Flyball, 9S, EV 75.6 MPH)
Bottom of the 7th over - 0 runs, 0 hits, 0 errors, 0 left on base; Asheville 1 - Athletic Club KC Academy 8
TOP OF THE 8TH
Asheville Highlanders batting - Pitching for Athletic Club KC Academy : RHP Billy Fitzgerald Jr.
Pitching: LHP Justin Wright
Batting: RHB Tae-wan Park 0-0: Ball
1-0: Called Strike
1-1: Swinging Strike
1-2: Strikes out swinging
Pinch Hitting: RHB Don Parker 0-0: Ball
1-0: Ball
2-0: Called Strike
2-1: Called Strike
2-2: Strikes out swinging
Batting: SHB Daniel Brewer 0-0: Ball
1-0: Ball
2-0: Fly out, F9 (Flyball, 89S, EV 82.5 MPH)
Top of the 8th over - 0 runs, 0 hits, 0 errors, 0 left on base; Asheville 1 - Athletic Club KC Academy 8
BOTTOM OF THE 8TH
Athletic Club KC Academy batting - Pitching for Asheville Highlanders : RHP Jake Haynes
Now at 1B: Kevin McIndeor
Batting: LHB Oriol Fernández 0-0: Foul Ball, location: 2F
0-1: Swinging Strike
0-2: Foul Ball, location: 2F
0-2: Strikes out looking
Batting: RHB Sancho Prieto 0-0: Called Strike
0-1: Ball
1-1: Ball
2-1: Foul Ball, location: 2F
2-2: Foul Ball, location: 2F
2-2: Ball
3-2: Foul Ball, location: 2F
3-2: Strikes out swinging
Batting: RHB Woody Thomas 0-0: Called Strike
0-1: Foul Ball, location: 2F
0-2: Ball
1-2: Ball
2-2: Fly out, F6 (Flyball, 6D, EV 74.4 MPH)
Bottom of the 8th over - 0 runs, 0 hits, 0 errors, 0 left on base; Asheville 1 - Athletic Club KC Academy 8
TOP OF THE 9TH
Asheville Highlanders batting - Pitching for Athletic Club KC Academy : LHP Justin Wright
Batting: RHB Luis Romero 0-0: Foul Ball, location: 2F
0-1: Ball
1-1: Foul Ball, location: 2F
1-2: Strikes out swinging
Batting: RHB Don Skerrett 0-0: Ball
1-0: Called Strike
1-1: Ground out 6-3 (Groundball, 56, EV 93.8 MPH)
Batting: LHB Bruce Webster 0-0: Called Strike
0-1: Foul Ball, location: 2F
0-2: Ball
1-2: Ball
2-2: SINGLE (Groundball, 4, EV 88.8 MPH) (infield hit)
Batting: RHB Francis Raffone 0-0: Ball
1-0: SINGLE (Groundball, 6MD, EV 98.1 MPH)
Bruce Webster to second
Batting: RHB José García 0-0: Ball
1-0: Called Strike
1-1: Foul Ball, location: 2F
1-2: Strikes out swinging
Top of the 9th over - 0 runs, 2 hits, 0 errors, 2 left on base; Asheville 1 - Athletic Club KC Academy 8
Friday, April 17th, 2020 - OOTP Baseball 20.8 Build 74